 Dungeon Crawl Stone Soup version 0.30.1-11-g7821555f0a (webtiles) character file.

Game seed: 6700243256920924376

16 Jerry the Shield-Bearer (level 2, 0/29 HPs)
             Began as a Troll Fighter on Dec 10, 2023.
             Frozen to death by an endoplasm (2 damage)
             ... on level 1 of the Dungeon.
             The game lasted 00:00:20 (95 turns).

Jerry the Shield-Bearer (Troll Fighter)               Turns: 95, Time: 00:00:21

Health: 0/29       AC:  4    Str: 23    XL:     2   Next: 37%
Magic:  1/1        EV:  8    Int:  4    God:
Gold:   10         SH:  7    Dex:  9    Spells: 1/1 levels left

rFire   . . .        a - +0 flail
rCold   . . .        c - +0 kite shield
rNeg    . . .        b - +0 robe
rPois   .            (helmet restricted)
rElec   .            (no cloak)
rCorr   .            (gloves unavailable)
SInv    .            (boots unavailable)
Will    .....        (no amulet)
Stlth   +            (no ring)
HPRegen 1.04/turn    (no ring)
MPRegen 0.07/turn

%: no passive effects
@: no status effects
A: large, unfitting armour, claws 3, regeneration 1, shaggy fur 1, tough skin 1
a: no special abilities


You were on level 1 of the Dungeon.
You visited 1 branch of the dungeon, and saw 1 of its levels.

You collected 10 gold pieces.

Inventory:

Hand Weapons
 a - a +0 flail (weapon)
Armour
 b - a +0 robe (worn)
 c - a +0 kite shield (worn)
Potions
 d - a potion of might
 e - 2 potions of heal wounds {unknown}


   Skills:
 + Level 2.6 Fighting
 + Level 2.1 Maces & Flails
 + Level 2.6 Dodging
 + Level 2.9 Shields


You had one spell level left.
You didn't know any spells.
Your spell library was empty.

Dungeon Overview and Level Annotations

Branches:
Dungeon (1/15)

Altars:


Innate Abilities, Weirdness & Mutations

You are too large for most types of armour.
You have claws for hands.
Your natural rate of healing is unusually fast.
You are covered in fur. (AC +1)
You have tough skin. (AC +1)


Message History

You hit the quokka.
The quokka is heavily wounded.
The endoplasm hits you but does no damage.
The quokka bites you. The endoplasm hits you.
You closely miss the quokka.
The quokka is heavily wounded.
You block the quokka's attack.
The endoplasm hits you but does no damage.
The endoplasm freezes you.
You are frozen.
You block the quokka's attack. The endoplasm freezes you.
You are frozen.
You block the endoplasm's attack.
You hit the quokka but do no damage.
The quokka is moderately wounded.
You block the quokka's attack. The endoplasm freezes you.
You are frozen.
The endoplasm hits you. You block the quokka's attack.
You hit the quokka.
The quokka is almost dead.
The endoplasm jiggles.
The endoplasm freezes you.
You are frozen.
The endoplasm freezes you.
You are frozen.
* * * LOW HITPOINT WARNING * * *
You block the quokka's attack.
You closely miss the quokka.
The quokka is almost dead.
The quokka bites you but does no damage.
The endoplasm freezes you.
You are frozen.
* * * LOW HITPOINT WARNING * * *
The endoplasm hits you.
* * * LOW HITPOINT WARNING * * *
The quokka bites you.
* * * LOW HITPOINT WARNING * * *
The endoplasm barely misses you. The endoplasm freezes you.
You are frozen.
You die...

######...<...#
.(....#.....#.... ...#
....##.#...#.# ......#
..##..#.#.#.#..##....#
.#...#.#.#.#.#...#...#
....#.. .#.#..#......#
...#..#..#..#..#.....#
..#...#..#..#..J#J.#.###
.....#...#...#..@r......
.........#........#..###
.##..............## #
.....#####...###.#
.###.# #...# #..$ ####.#
#..## ####..
..##.#####..########.#
#.##................ #
#....#####..########


You could see 2 endoplasms and a quokka.

Vanquished Creatures
  3 dart slugs (D:1)
  An endoplasm (D:1)
  A goblin (D:1)
  2 hobgoblins (D:1)
  2 kobolds (D:1)
  A rat (D:1)
10 creatures vanquished.

Notes
Turn   | Place    | Note
-------+----------+-------------------------------------------
     0 | D:1      | Jerry the Troll Fighter began the quest for the Orb.
     0 | D:1      | Reached XP level 1. HP: 22/22 MP: 0/0
    30 | D:1      | Reached XP level 2. HP: 29/29 MP: 1/1
    95 | D:1      | Frozen to death by an endoplasm

Illustrated notes

Levels and vault maps discovered:
D:1:      minmay_arrival_radiant_lines, layout_loops_ring, serial_shops,
          nicolae_shop_mannequins

Skill      XL: |  1 |
---------------+----+-----
Maces & Flails | 2 |  2.1
Fighting       | |  2.6
Dodging        | |  2.6
Shields        | |  2.9

Action                     || total
---------------------------++-------
  Melee: Flail             ||    33
 Armour: Robe              ||    17
  Dodge: Dodged            ||    11
  Block: Kite shield       ||    16
